 Dungeon Crawl Stone Soup version 0.29.1-1-gd02db6906a (webtiles) character file.

Game seed: 11264451229494716679

74601 groovy9 the Eclecticist (level 15, -13/112 (117) HPs)
             Began as a Djinni Conjurer on Sept 26, 2022.
             Was a Believer of Ashenzari.
             Mangled by Donald
             ... wielding a +6 demon trident of pain
              (20 damage)
             ... on level 2 of the Orcish Mines.
             The game lasted 01:40:16 (21472 turns).

groovy9 the Eclecticist (Djinni Conjurer)          Turns: 21472, Time: 01:40:17

HP:   -13/112 (117) AC: 22    Str:  6    XL:     15   Next: 94%
Gold: 4134          EV:  8    Int: 30    God:    Ashenzari [**....] SH:  0 Dex: 11

rFire   + + .      SeeInvis +   b - +2 dagger (elec)
rCold   . . .      Faith    .   (no shield)
rNeg    . . .      Spirit   .   P - +9 scale mail of the Bound Relativism {rCorr MP+9 Int+2, Fort, Evo} (curse)
rPois   ∞          Reflect  .   (no helmet)
rElec   .          Harm     .   c - +2 cloak of the Shattered Seeker {rCorr, Melee, Range} (curse)
rCorr   +          Rampage  .   C - +0 pair of gloves
Will    +....                   (boots unavailable)
Stlth   ..........              I - amulet of Ashenzari's Servitude {Regen+, Self, Fort} (curse)
HPRegen 1.88/turn               l - ring of protection from cold
MPRegen 0.00/turn               g - ring of see invisible

@: flying, studying Spellcasting, lightly drained
A: sickness immunity, fire resistance 2, cold vulnerability 1, float, innate
caster, HP casting, extra vitality 1, sense surroundings 1, regeneration 1
a: Renounce Religion, Shatter the Chains


You were on level 2 of the Orcish Mines.
You worshipped Ashenzari.
Ashenzari was pleased with you.
You visited 4 branches of the dungeon, and saw 20 of its levels.
You also visited: Bailey and Volcano.

You collected 4182 gold pieces.
You spent 48 gold pieces at shops.

Inventory:

Hand Weapons
 a - a +2 longbow of flaming
 b - a +2 dagger of electrocution (weapon)
Missiles
 o - 2 datura-tipped darts
 A - 5 curare-tipped darts
 R - 2 throwing nets
Armour
 c - the cursed +2 cloak of the Shattered Seeker (worn) {rCorr, Melee, Range}
   (You found it on level 1 of the Dungeon)

   It has a curse which improves the following skills: Melee Combat: Short
   Blades, Long Blades, Axes, Maces & Flails, Polearms, Staves and Unarmed
   Combat.
   Ranged Combat: Ranged Weapons and Throwing.
 n - a scarf of repulsion
 C - a +0 pair of gloves (worn)
 H - a +1 leather armour of cold resistance
 M - a +2 troll leather armour
 P - the cursed +9 scale mail of the Bound Relativism (worn) {rCorr MP+9 Int+2, Fort, Evo}
   (You found it on level 5 of the Lair of Beasts)

   Int:       It affects your intelligence (+2).
   MP:        It affects your magic capacity (+9).
   rCorr:     It protects you from acid and corrosion.
   It has a curse which improves the following skills: Fortitude: Armour and
   Shields.
   Evocations: Evocations.
 S - a +0 kite shield
Jewellery
 f - a +6 ring of strength
 g - a ring of see invisible (right hand)
 l - a ring of protection from cold (left hand)
 q - the ring of Amorality {rF++ rC+ Str+6 Int-4 Slay+2}
   (You found it on level 2 of the Lair of Beasts)

   [ring of strength]

   Str:       It affects your strength (+6).
   Int:       It affects your intelligence (-4).
   Slay:      It affects your accuracy & damage with ranged weapons and melee
   (+2).
   rF:        It greatly protects you from fire.
   rC:        It protects you from cold.
 I - the cursed amulet of Ashenzari's Servitude (around neck) {Regen+, Self, Fort}
   (You acquired it in a bailey)

   [amulet of regeneration]

   Regen:     It increases your rate of health regeneration.
   It has a curse which improves the following skills: Introspection: Fighting
   and Spellcasting.
   Fortitude: Armour and Shields.
 O - a ring of ice
Wands
 d - a wand of charming (22)
 k - a wand of mindburst (10)
 m - a wand of light (20)
 s - a wand of flame (57)
 u - a wand of roots (19)
 Q - a wand of polymorph (8)
Scrolls
 e - 5 scrolls of teleportation
 j - 3 scrolls of fear
 r - 2 scrolls of poison
 w - a scroll of brand weapon
 y - 3 scrolls of vulnerability
 E - 6 scrolls of butterflies
 G - 3 scrolls of blinking
 J - 3 scrolls of enchant weapon
 K - 2 scrolls of immolation
 L - 2 scrolls of magic mapping
Potions
 h - 5 potions of mutation
 i - 7 potions of cancellation
 p - 4 potions of curing
 t - a potion of berserk rage
 v - 2 potions of attraction
 x - 5 potions of might
 z - 3 potions of brilliance
 B - 5 potions of haste
 D - 2 potions of heal wounds
 N - 2 potions of ambrosia


   Skills:
 - Level 12.9(14.1) Fighting
 - Level 8.9(10.1) Ranged Weapons
 + Level 8.2(10.2) Armour
 - Level 2.1 Dodging
 - Level 1.5 Stealth
 + Level 16.3(17.5) Spellcasting


You had 11 spell levels left.
You knew the following spells:

 Your Spells              Type           Power      Damage    Failure   Level
a - Magic Dart            Conj           100%       1d8       0%          1
b - Searing Ray           Conj           100%       2d8       1%          2
c - Dazzling Flash        Conj/Hex       100%       N/A       1%          3
d - Fulminant Prism       Conj/Hex       46%        3d21      1%          4
e - Iskenderun's Mystic   Conj/Tloc      92%        2d18      1%          4
f - Sandblast             Erth           100%       2d20      0%          1
g - Poisonous Vapours     Pois/Air       100%       N/A       1%          2
h - Stone Arrow           Conj/Erth      100%       3d13      1%          3
i - Vampiric Draining     Necr           92%        2d12      1%          3
j - Sticky Flame          Conj/Fire      92%        2d10      1%          4
k - Summon Mana Viper     Hex/Summ       92%        N/A       1%          5
l - Dispersal             Tloc           46%        N/A       1%          6
Your spell library was empty.

Dungeon Overview and Level Annotations

Branches:
Dungeon (12/15)            Temple (1/1) D:5            Lair (5/5) D:8
  Swamp (0/4) Lair:3        Snake (0/4) Lair:2        Slime (0/5) Lair:5
    Orc (2/2) D:12            Elf (0/3) Orc:2        Bailey (visited)
Volcano (visited)

Altars:
Ashenzari
Cheibriados
Dithmenos
Elyvilon
Fedhas
Gozag
Hepliaklqana
Makhleb
Nemelex Xobeh
Okawaru
Qazlal
Ru
Trog
Uskayaw
Wu Jian
Xom
Yredelemnul
Zin
The Shining One
Jiyva
Lugonu

Shops:
D:7 *:*=   Orc:2 [

Portals:
Abyss: Lair:5

Annotations:
Lair:2 3 runed translucent doors, LustLizard's ghost, journeyman TrFi
Lair:3 3 runed translucent doors, gdog's ghost, journeyman GnDe
Orc:2 Donald


Innate Abilities, Weirdness & Mutations

You are immune to sickness and miasma.
You are immune to poison.
Your flesh is very heat resistant. (rF++)
You are vulnerable to cold. (rC-)
You float through the air rather than walking.
You learn spells naturally, not from books.
Your magical power is your life essence.
You have superior vitality. (+4 MHP)
You passively map a small area around you.
Your natural rate of healing is unusually fast.


Message History

You writhe in agony.
Casting: Stone Arrow (safe; 1% risk of failure)
Confirm with . or Enter, or press ? or * to list all spells.
You erupt in a blast of force!
The mystic blast hits Donald!!
Donald is heavily wounded.
Donald is knocked back by the mystic blast.
You can't see any susceptible monsters within range! (Use Z to cast anyway.) Donald drinks a potion.
Donald is healed!
The stone arrow hits Donald!!
Donald is severely wounded.
Donald casts a spell.
Donald seems to speed up.
Casting: Stone Arrow (safe; 1% risk of failure)
Confirm with . or Enter, or press ? or * to list all spells.
You erupt in a blast of force!
The mystic blast hits Donald.
Donald is severely wounded.
Donald is knocked back by the mystic blast.
Donald sighs.
Donald hits you from afar with a +6 demon trident of pain!
You writhe in agony!
Donald blocks the stone arrow.
Donald hits you from afar with a +6 demon trident of pain!!
You writhe in agony.
Donald makes a face at you and exclaims, "Curses!"
Donald hits you from afar with a +6 demon trident of pain!!!
* * * LOW HITPOINT WARNING * * *
You feel much better.
Donald hits you from afar with a +6 demon trident of pain!!
* * * LOW HITPOINT WARNING * * *
You writhe in agony.
* * * LOW HITPOINT WARNING * * *
Okay, then.
As you read the scroll of summoning, it crumbles to dust.
Wisps of shadow whirl around you...
Donald hits you from afar with a +6 demon trident of pain!
* * * LOW HITPOINT WARNING * * *
You writhe in agony.
* * * LOW HITPOINT WARNING * * *
Donald hits you from afar with a +6 demon trident of pain!!
You die...

, ** , * , ,, ,
## * , ###* @##
* , , ##o## ..##
, #oo@# ...# **
##o## ...#.##
#@o.##......#
##..........#
#....#.@...#.,,*
#............
##......#....
##......#..#.
#......... # *


You could see Donald (fast, strong, ally target), a friendly orc warrior
(summoned), a friendly orc priest (summoned) and 3 friendly orcs.

Vanquished Creatures
  2 orc warlords
  Nessos (Orc:2)
  A red draconian (Volcano)
  Josephine (D:11)
  Harold (D:11)
  2 boulder beetles
  7 hydras
  2 centaur warriors
  A tengu warrior (D:12)
  Erica (Lair:1)
  2 two-headed ogres
  A catoblepas (D:12)
  6 death yaks (Lair:5)
  3 orc high priests (Orc:2)
  3 thrashing horrors (Lair:5)
  Urug (D:11)
  Sonja (D:11)
  Nergalle (D:10)
  Amaemon (Lair:2)
  2 bog bodies (Lair:3)
  A deep elf archer (D:12)
  Pikel (D:6)
  2 orc sorcerers (Orc:2)
  2 ugly things (Lair:5)
  2 manticores (D:12)
  2 orc knights
  3 cyclopes (D:12)
  9 elephants
  Joseph (D:8)
  8 black mambas
  A molten gargoyle (Volcano)
  2 torpor snails (Lair:3)
  7 cane toads
  An orange demon (Lair:2)
  3 gargoyles
  2 unseen horrors
  4 komodo dragons
  A yaktaur (Volcano)
  A tengu conjurer (D:12)
  A kobold demonologist (D:11)
  An ancient zyme (Lair:5)
  4 trolls
  A troll (shapeshifter) (D:12)
  4 polar bears
  A hornet (shapeshifter) (Lair:5)
  A hornet (D:6)
  23 blink frogs
  5 dream sheep (Lair:5)
  2 shadows
  A spriggan (Lair:5)
  5 wraiths
  2 large abominations (Lair:5)
  11 small abominations (Lair:5)
  4 wyverns
  5 ynoxinuls (Lair:5)
  54 yaks
  2 fire bats (Volcano)
  A basilisk (shapeshifter) (D:12)
  A chaos spawn (Lair:5)
  2 vampire mosquitoes (D:10)
  3 steam dragons
  10 basilisks
  9 wargs
  4 nagas (Lair:2)
  2 swamp worms (Lair:3)
  2 acid dragons (D:10)
  11 water moccasins
  21 orc warriors
  2 sky beasts (D:7)
  2 ice beasts
  5 black bears
  A boggart (D:12)
  5 wolves (Lair:2)
  4 ogres
  11 centaurs
  2 lemures (D:6)
  11 bullfrogs
  2 kobold brigands
  A gnoll sergeant (D:10)
  A necrophage (D:8)
  2 scorpions
  6 wights
  A killer bee (D:10)
  5 electric eels
  7 howler monkeys
  7 lava snakes (Volcano)
  2 hounds
  5 jellies
  16 orc priests
  A gnoll bouda (Orc:1)
  2 iguanas
  Ijyb (D:4)
  19 orc wizards
  The ghost of ScottTheTot the Sneak, a weakling KoEn (D:4)
  21 gnolls
  8 adders
  2 shadow imps
  2 white imps (D:7)
  4 worms
  2 dart slugs
  64 orcs
  7 ball pythons
  2 bats
  8 endoplasms
  2 giant cockroaches
  12 goblins
  10 hobgoblins
  2 jackals (D:2)
  25 kobolds
  A quokka (D:2)
  4 frilled lizards
  3 rats (D:1)
587 creatures vanquished.

Vanquished Creatures (others)
  7 fulminant prisms
  23 fungi
  43 plants
73 creatures vanquished.

Grand Total: 660 creatures vanquished

Notes
Turn   | Place    | Note
-------+----------+-------------------------------------------
     0 | D:1      | groovy9 the Djinni Conjurer began the quest for the Orb.
     0 | D:1      | groovy9 set off with the following spells memorised: Magic
                  | Dart, Searing Ray, Dazzling Flash, Fulminant Prism,
                  | Iskenderun's Mystic Blast.
     0 | D:1      | Reached XP level 1. HP: 15/15 MP: 0/0
   378 | D:1      | Reached XP level 2. HP: 20/21 MP: 0/0
  1287 | D:1      | Reached XP level 3. HP: 23/25 MP: 0/0
  1287 | D:1      | Learned a level 1 spell: Sandblast
  1876 | D:2      | Reached skill level 4 in Spellcasting
  2662 | D:2      | Reached XP level 4. HP: 26/31 MP: 0/0
  2834 | D:2      | Found a snail-covered altar of Cheibriados.
  4005 | D:3      | Reached XP level 5. HP: 28/35 MP: 0/0
  4005 | D:3      | Learned a level 2 spell: Poisonous Vapours
  4288 | D:4      | Reached skill level 5 in Spellcasting
  4365 | D:4      | Found a runed translucent door.
  4365 | D:4      | Noticed ScottTheTot's ghost (weakling KoEn)
  4391 | D:4      | Noticed Ijyb
  4397 | D:4      | Killed Ijyb
  4606 | D:4      | Reached XP level 6. HP: 36/40 MP: 0/0
  4726 | D:4      | Noticed a black bear
  4928 | D:4      | Killed a black bear
  4929 | D:4      | Reached skill level 6 in Spellcasting
  5214 | D:4      | Killed ScottTheTot's ghost
  5327 | D:5      | Entered Level 5 of the Dungeon
  5330 | D:5      | Noticed an ice beast
  5374 | D:5      | Found a staircase to the Ecumenical Temple.
  5384 | Temple   | Entered the Ecumenical Temple
  5542 | Temple   | Became a worshipper of Ashenzari the Shackled
  5554 | D:5      | Reached XP level 7. HP: 44/45 MP: 0/0
  5554 | D:5      | Learned a level 3 spell: Stone Arrow
  6530 | D:5      | Found a stormy altar of Qazlal.
  6530 | D:5      | Found a snail-covered altar of Cheibriados.
  6654 | D:5      | Reached skill level 7 in Spellcasting
  6831 | D:6      | Reached XP level 8. HP: 48/50 MP: 0/0
  6870 | D:6      | Noticed a hornet
  6884 | D:6      | Killed a hornet
  6955 | D:6      | Reached skill level 8 in Spellcasting
  6977 | D:6      | Noticed Pikel
  7417 | D:6      | Reached XP level 9. HP: 53/55 MP: 0/0
  7417 | D:6      | Learned a level 3 spell: Vampiric Draining
  7759 | D:6      | Killed Pikel
  7760 | D:6      | Reached skill level 9 in Spellcasting
  8030 | D:7      | Reached skill level 1 in Ranged Weapons
  8039 | D:7      | Found Nanotid's Assorted Antiques.
  8044 | D:7      | Bought a viscous coppery potion for 25 gold pieces
  8108 | D:7      | Found Xiagu's Book Shoppe.
  8170 | D:7      | Found Siqe Qucis's Assorted Antiques.
  8173 | D:7      | Bought a scroll labelled REOCHAIMILICW for 23 gold pieces
  8173 | D:7      | Acquired 750 gold pieces
  8177 | D:7      | Found Follotwo's Jewellery Shoppe.
  8982 | D:8      | Noticed Joseph
  9004 | D:8      | Killed Joseph
  9005 | D:8      | Reached skill level 5 in Ranged Weapons
  9005 | D:8      | Reached XP level 10. HP: 31/60 MP: 0/0
  9318 | D:8      | Found a staircase to the Lair.
  9698 | D:8      | Found a flagged portal.
  9703 | Bailey   | Entered a bailey
  9731 | Bailey   | Noticed an orc warlord
  9788 | Bailey   | Noticed an orc knight
  9796 | Bailey   | Killed an orc knight
  9978 | Bailey   | Found a runed translucent gate.
  9981 | Bailey   | Found a runed translucent gate.
  9982 | Bailey   | Found a runed translucent gate.
 10135 | Bailey   | Killed an orc warlord
 10412 | Bailey   | Acquired an amulet of regeneration
 10419 | Bailey   | Reached * piety under Ashenzari
 11061 | D:9      | Reached XP level 11. HP: 51/65 MP: 0/0
 11061 | D:9      | Learned a level 4 spell: Sticky Flame
 11107 | D:9      | Acquired 1019 gold pieces
 11391 | D:10     | Entered Level 10 of the Dungeon
 11429 | D:10     | Reached skill level 1 in Fighting
 11633 | D:10     | Noticed Nergalle
 11641 | D:10     | Killed Nergalle
 11726 | D:10     | Reached skill level 10 in Spellcasting
 11857 | D:10     | Noticed a two-headed ogre
 11869 | D:10     | Killed a two-headed ogre
 11870 | D:10     | Reached skill level 5 in Fighting
 12699 | Lair:1   | Entered Level 1 of the Lair of Beasts
 12993 | Lair:1   | Reached XP level 12. HP: 85/85 MP: 0/0
 13108 | Lair:1   | Noticed Erica
 13122 | Lair:1   | Killed Erica
 13123 | Lair:1   | Reached skill level 11 in Spellcasting
 13441 | Lair:2   | Identified the ring of Amorality {rF++ rC+ Str+6 Int-4
                  | Slay+2}
 13564 | Lair:2   | Noticed a four-headed hydra
 13572 | Lair:2   | Killed a four-headed hydra
 13635 | Lair:2   | Noticed LustLizard's ghost (journeyman TrFi)
 13746 | Lair:2   | Found a runed translucent gate.
 13746 | Lair:2   | Found a runed translucent gate.
 13746 | Lair:2   | Found a runed translucent gate.
 13848 | Lair:2   | Noticed Amaemon
 13862 | Lair:2   | Killed Amaemon
 13916 | Lair:2   | Found a staircase to the Snake Pit.
 14445 | Lair:2   | Reached skill level 12 in Spellcasting
 14512 | Lair:3   | Found a dark tunnel.
 14517 | Volcano  | Entered a volcano
 14525 | Volcano  | Reached XP level 13. HP: 97/97 MP: 0/0
 14525 | Volcano  | Learned a level 5 spell: Summon Mana Viper
 14827 | Volcano  | Found a burning altar of Makhleb.
 14827 | Volcano  | Noticed a centaur warrior
 14833 | Volcano  | Killed a centaur warrior
 14835 | Volcano  | Noticed a red draconian
 14851 | Volcano  | Killed a red draconian
 14852 | Volcano  | Reached skill level 10 in Fighting
 15422 | Lair:3   | Reached skill level 13 in Spellcasting
 15553 | Lair:3   | Acquired 764 gold pieces
 15724 | Lair:3   | Found a runed translucent gate.
 15725 | Lair:3   | Found a runed translucent gate.
 15726 | Lair:3   | Found a runed translucent gate.
 15729 | Lair:3   | Noticed gdog's ghost (journeyman GnDe)
 15730 | Lair:3   | Found a viscous altar of Jiyva.
 15730 | Lair:3   | Noticed a great orb of eyes
 15816 | Lair:3   | Found a runed translucent door.
 15877 | Lair:3   | Found a staircase to the Swamp.
 15982 | Lair:3   | Noticed a five-headed hydra
 15992 | Lair:3   | Killed a five-headed hydra
 16230 | Lair:4   | Gained mutation: You passively map a small area around you.
                  | [potion of mutation]
 16230 | Lair:4   | Gained mutation: Your natural rate of healing is unusually
                  | fast. [potion of mutation]
 16406 | Lair:4   | Noticed an eight-headed hydra
 16412 | Lair:4   | Killed an eight-headed hydra
 16910 | Lair:5   | Entered Level 5 of the Lair of Beasts
 16910 | Lair:5   | Found a staircase to the Slime Pits.
 16919 | Lair:5   | Reached XP level 14. HP: 97/107 MP: 0/0
 17061 | Lair:5   | Reached skill level 14 in Spellcasting
 17982 | Lair:5   | Reached skill level 15 in Spellcasting
 18014 | Lair:5   | Found a corrupted altar of Lugonu.
 18014 | Lair:5   | Found a one-way gate to the infinite horrors of the Abyss.
 18016 | Lair:5   | Identified the +9 scale mail "Uhimpezu" {rCorr MP+9 Int+2}
 18196 | Lair:5   | Reached XP level 15. HP: 103/115 MP: 0/0
 18196 | Lair:5   | Learned a level 6 spell: Dispersal
 18447 | D:11     | Reached skill level 1 in Armour
 18512 | D:11     | Noticed Sonja
 18515 | D:11     | Killed Sonja
 18740 | D:11     | Identified the +1 leather armour "Axtoet" {rElec Stlth+}
 18781 | D:11     | Noticed Harold
 18796 | D:11     | Killed Harold
 18914 | D:11     | Noticed Urug
 18927 | D:11     | Killed Urug
 19086 | D:11     | Reached skill level 5 in Armour
 19134 | D:11     | Noticed Josephine
 19144 | D:11     | Killed Josephine
 19240 | D:11     | Found a sparkling altar of Nemelex Xobeh.
 19270 | D:11     | Acquired a manual of Spellcasting
 19384 | D:12     | Found a staircase to the Orcish Mines.
 20094 | D:12     | Identified the cursed +2 cloak of the Shattered Seeker
                  | {rCorr, Melee, Range} (You found it on level 1 of the
                  | Dungeon)
 20350 | Orc:1    | Entered Level 1 of the Orcish Mines
 20717 | Orc:2    | Entered Level 2 of the Orcish Mines
 20717 | Orc:2    | Noticed an orc warlord
 20724 | Orc:2    | Killed an orc warlord
 20736 | Orc:2    | Reached skill level 16 in Spellcasting
 20897 | Orc:2    | Found Edwynlia's Antique Armour Emporium.
 20897 | Orc:2    | Noticed Nessos
 20905 | Orc:2    | Killed Nessos
 21170 | Orc:2    | Reached ** piety under Ashenzari
 21255 | Orc:2    | Found a staircase to the Elven Halls.
 21452 | Orc:2    | Noticed Donald
 21472 | Orc:2    | Mangled by Donald

Illustrated notes

Levels and vault maps discovered:
D:1:      dpeg_arrival_stone_temple_mockup, layout_basic
D:2:      layout_basic, basic_altar, minmay_misc_feat_rows
D:3:      layout_basic, serial_park_tiny_pond
D:4:      layout_gridville, hellmonk_ghost_happy_afterlife, uniq_ijyb
D:5:      layout_cave_pods, gammafunk_temple_overflow_claw,
          minmay_temple_entry_arrows, cheibrodos_sewer_entry_bend
D:6:      layout_basic, uniq_pikel
D:7:      layout_rooms, serial_shops, kennysheep_little_box, shop, shop,
          nicolae_shop_behind_doors
D:8:      layout_loops_ring, lair_entry_dummy, enter_bailey_1, uniq_joseph
D:9:      layout_irregular_city, corexii_corridor_pit
D:10:     minmay_razor_zed, layout_basic, uniq_nergalle
D:11:     layout_gridville, nemelex_lonely_heart_becter, uniq_urug, uniq_sonja,
          uniq_josephine, uniq_harold
D:12:     minmay_tri_box, layout_rooms, nicolae_figureground_pulse
Temple:   nicolae_temple_bog_church
Lair:1:   layout_hall_layers, serial_bayou_shore_a, uniq_erica
Lair:2:   layout_long_grid, guppyfry_snake_entry_garden, gammafunk_ghost_icy,
          beast_lair_carwin_4, uniq_amaemon
Lair:3:   layout_loops_ring, nicolae_swamp_entry_splash_gauntlet,
          enter_volcano_1, gammafunk_ghost_ooze,
          portal_ice_cave_entry_pillars_2, nicolae_quartered_pool_little,
          pf_torpor_hydra
Lair:4:   layout_regular_city, serial_bayou_shore_b
Lair:5:   hellmonk_lair_end_abyssal_woods, layout_misc_corridors, slime_entry_1,
          infiniplex_staircase_pool_2, lemuel_fruit_tree, serial_bayou_shore_b
Orc:1:    layout_caves, hangedman_feature_mirror
Orc:2:    st_orc_town, layout_diamond_mine, serial_shops, shop, uniq_nessos,
          uniq_donald

Skill      XL: |  1  2  3  4  5  6  7  8  9 10 11 12 13 14 15 |
---------------+----------------------------------------------+-----
Spellcasting   | 4 5 6 7 8 9 10 12 13 15 16 | 16.3
Ranged Weapons | 5 8 |  8.9
Fighting       | 6 9 11 12 | 12.9
Armour         | 8 |  8.2
Dodging        | |  2.1
Stealth        | |  1.5

Action                   |  1- 3 |  4- 6 |  7- 9 | 10-12 | 13-15 || total
-------------------------+-------+-------+-------+-------+-------++-------
 Fire: Shortbow          |       |       |    26 |    80 |    76 ||   182
 Cast: Magic Dart        |    70 |    43 |    10 |     3 |     1 ||   127
       Searing Ray       |     7 |     3 |       |    13 |     9 ||    32
       Sandblast         |       |    35 |    93 |   207 |   206 ||   541
       Iskenderun's Myst |       |       |     9 |    38 |   136 ||   183
       Poisonous Vapours |       |       |     2 |     4 |       ||     6
       Stone Arrow       |       |       |     3 |    42 |   386 ||   431
       Fulminant Prism   |       |       |       |     2 |     5 ||     7
Invok: Curse Item        |       |       |     1 |     1 |     1 ||     3
  Use: Scroll            |       |    11 |     8 |     8 |     3 ||    30
       Potion            |       |     4 |     3 |     2 |     6 ||    15
Armor: Robe              |     2 |     1 |     6 |     3 |       ||    12
       Leather armour    |       |       |       |    12 |       ||    12
       Troll leather arm |       |       |       |    30 |    86 ||   116
       Scale mail        |       |       |       |       |    45 ||    45
       Skin              |       |       |       |       |     1 ||     1
Dodge: Dodged            |     5 |    11 |    17 |    81 |   126 ||   240
